 Dungeon Crawl Stone Soup version 0.30.1-11-g7821555f0a (webtiles) character file.

Game seed: 11744784536500650485

61 HospitalGownGirl the Sneak (level 4, -1/33 HPs)
             Began as a Human Brigand on Oct 29, 2023.
             Frozen to death by an endoplasm (2 damage)
             ... on level 3 of the Dungeon.
             The game lasted 00:03:06 (684 turns).

HospitalGownGirl the Sneak (Human Brigand)           Turns: 684, Time: 00:03:07

Health: -1/33      AC:  0    Str: 12    XL:     4   Next: 27%
Magic:  4/4        EV: 12    Int: 13    God:
Gold:   41         SH:  0    Dex: 14    Spells: 3/4 levels left

rFire   . . .        a - +2 dagger
rCold   . . .        (no shield)
rNeg    . . .        b - +0 robe
rPois   .            (no helmet)
rElec   .            c - +0 cloak
rCorr   .            (no gloves)
SInv    .            (no boots)
Will    .....        (no amulet)
Stlth   +++          (no ring)
HPRegen 0.25/turn    (no ring)
MPRegen 0.09/turn

%: no passive effects
@: corroded, on berserk cooldown, slowed, very slow
A: no striking features
a: no special abilities


You were on level 3 of the Dungeon.
You visited 1 branch of the dungeon, and saw 3 of its levels.

You collected 41 gold pieces.

Inventory:

Hand Weapons
 a - a +2 dagger (weapon)
Missiles
 d - 21 poisoned darts (quivered)
 e - 3 curare-tipped darts
 j - 3 atropa-tipped darts
 k - 3 datura-tipped darts
Armour
 b - a +0 robe (worn)
 c - a +0 cloak (worn)
Scrolls
 g - a scroll of enchant weapon {unknown}
 i - a scroll of identify {unknown}
 m - a scroll of teleportation {unknown}
Potions
 f - a potion of heal wounds {unknown}


   Skills:
 * Level 2.2 Fighting
 * Level 2.2 Short Blades
 * Level 2.2 Throwing
 * Level 0.5 Armour
 * Level 1.3 Dodging
 * Level 4.8 Stealth
 * Level 0.5 Spellcasting
 * Level 0.5 Transmutations


You had 3 spell levels left.
You knew the following spells:

 Your Spells              Type           Power      Damage    Failure   Level
a - Beastly Appendage     Tmut           2%         N/A       24%         1

Your spell library contained the following spells:

 Spells                   Type           Power      Damage    Failure   Level
 Wereblood                Tmut           1%         N/A       36%         2
 Spider Form              Tmut/Pois      1%         N/A       63%         3


Dungeon Overview and Level Annotations

Branches:
Dungeon (3/15)

Altars:


Message History

As you open the door, it creaks loudly!
An endoplasm comes into view.
The endoplasm quivers.
A jelly comes into view.
An endoplasm comes into view.
Found a hobgoblin skeleton.
You hit the jelly.
Your hands burn!
The jelly is moderately wounded.
The endoplasm hits the fungus.
The fungus begins to die.
The jelly hits you but does no damage.
You hit the jelly.
Your hands burn!
The jelly is heavily wounded.
The endoplasm hits the fungus.
The jelly hits you.
You are splashed with acid!
* * * LOW HITPOINT WARNING * * *
The endoplasm hits something.
It was a potion of berserk rage.
A red film seems to cover your vision as you go berserk!
You feel yourself moving faster!
You feel mighty!
The endoplasm hits something.
The jelly barely misses you.
You barely miss the jelly.
The jelly is heavily wounded.
The jelly hits you.
* * * LOW HITPOINT WARNING * * *
The acid corrodes you!
You are splashed with acid!
* * * LOW HITPOINT WARNING * * *
You puncture the jelly!
You kill the jelly!
You have reached level 4!
You feel stronger.
You feel a strong urge to attack something.
You are too berserk!
You feel your anger nearly subside.
You are no longer berserk.
You are exhausted.
You feel yourself slow down.
There is an open door here.
The endoplasm freezes you.
You are frozen.
* * * LOW HITPOINT WARNING * * *
The endoplasm freezes you.
You are frozen.
You die...

รท.# #.#.###.... ..#
.....##.##. ..#
#.#........ ..#
#.#..##.##. #######'#
#.#####.# ##..JJ.)#
#)......##. #.########
####....... ##..JJ...#
##.###### ####.@..#
#...# #.......# #...#
#....[..# #...#
#.......# #...#
#..)....######...#####
##.....###............
##...####............
###')'###..........###
#.##...)..#####.#...#.#


You could see 2 endoplasms.

Vanquished Creatures
  A jelly (D:3)
  2 worms (D:2)
  2 dart slugs
  An endoplasm (D:3)
  3 goblins
  A hobgoblin (D:1)
  3 jackals (D:2)
  6 kobolds (D:3)
19 creatures vanquished.

Notes
Turn   | Place    | Note
-------+----------+-------------------------------------------
     0 | D:1      | HospitalGownGirl the Human Brigand began the quest for the
                  | Orb.
     0 | D:1      | Reached XP level 1. HP: 16/16 MP: 1/1
   129 | D:1      | Reached XP level 2. HP: 22/22 MP: 2/2
   272 | D:2      | Learned a level 1 spell: Beastly Appendage
   302 | D:2      | Reached XP level 3. HP: 13/27 MP: 1/3
   674 | D:3      | Reached XP level 4. HP: 4/33 MP: 4/4
   683 | D:3      | HP: 1/33 [frozen (5)]
   684 | D:3      | Frozen to death by an endoplasm

Illustrated notes

Levels and vault maps discovered:
D:1:      lightli_arrival_quake, layout_rooms, minmay_misc_feat_five,
          serial_bayou_lagoon_a, roderic_lattice_a
D:2:      layout_loops_ring
D:3:      cheibrodos_fertilizer, layout_loops_cross,
          mainiacjoe_overflow_surrounded_room, lemuel_crystal_altar,
          nicolae_tso_swordbearing_angel, nicolae_overflow_two_pavilions

Action                     |  1- 3 |  4- 6 || total
---------------------------+-------+-------++-------
  Melee: Dagger            |    35 |       ||    35
         Kick              |     4 |       ||     4
         Headbutt          |     1 |       ||     1
  Throw: Dart              |    15 |       ||    15
   Cast: Beastly Appendage |     2 |       ||     2
    Use: Potion            |     3 |       ||     3
   Stab: Sleeping          |     3 |       ||     3
 Armour: Robe              |    12 |       ||    12
  Dodge: Dodged            |    11 |       ||    11
